 Dungeon Crawl Stone Soup version 0.20.0-7-g3b7b877 (webtiles) character file.

95 zhorgal the Chopper (level 4, -4/39 HPs)
             Began as a Minotaur Berserker on May 29, 2017.
             Was a Believer of Trog.
             Killed by divine providence
             ... invoked by an orc priest
              (11 damage)
             ... on level 5 of the Dungeon.
             The game lasted 00:04:26 (1630 turns).

zhorgal the Chopper (Minotaur Berserker)            Turns: 1630, Time: 00:04:27

Health: -4/39      AC:  9    Str: 23    XL:     4   Next: 39%
Magic:  3/3        EV:  8    Int:  4    God:    Trog [**....]
Gold:   65         SH:  0    Dex:  9    Spells: 3/3 levels left

rFire    . . .     SeeInvis .   a - +0 hand axe
rCold    . . .     Gourm    .   (no shield)
rNeg     . . .     Faith    .   m - +0 chain mail
rPois    .         Spirit   .   (helmet restricted)
rElec    .         Reflect  .   (no cloak)
rCorr    .         Harm     .   (no gloves)
MR       .....                  p - +0 pair of boots
Stlth    ..........             (no amulet)
Regen    0.2/turn               (no ring)
MPRegen  0.1/turn               (no ring)

@: confused, lethally poisoned (-4 -> -11), berserk cooldown, slowed, very slow
A: retaliatory headbutt, horns 2
a: Berserk, Trog's Hand, Burn Spellbooks, Renounce Religion


You were on level 5 of the Dungeon.
You worshipped Trog.
Trog was pleased with you.
You were very hungry.

You visited 1 branch of the dungeon, and saw 4 of its levels.

You collected 65 gold pieces.

Inventory:

Hand Weapons
 a - a +0 hand axe (weapon)
Missiles
 e - a throwing net (quivered)
Armour
 m - a +0 chain mail (worn)
 p - a +0 pair of boots (worn)
Jewellery
 l - an uncursed amulet of regeneration {unknown}
 r - an uncursed ring of stealth {unknown}
Scrolls
 b - a scroll of identify {unknown}
 d - a scroll of fog {unknown}
 g - 3 scrolls of teleportation {unknown}
 h - a scroll of blinking {unknown}
 j - a scroll of enchant weapon {unknown}
 k - a scroll of recharging {unknown}
 n - a scroll of remove curse {unknown}
Potions
 i - a potion of curing {unknown}
 o - a potion of flight {unknown}
Comestibles
 c - 2 bread rations
 f - 3 royal jellies
 q - 3 chunks of flesh


   Skills:
 - Level 3.6 Fighting
 + Level 6.3 Axes
 - Level 2.4 Armour
 - Level 2.1 Dodging


You had 3 spell levels left.
You didn't know any spells.

Dungeon Overview and Level Annotations

Branches:
Dungeon (3/15)

Altars:
Elyvilon


Innate Abilities, Weirdness & Mutations

You reflexively headbutt those who attack you in melee.
You have a pair of horns on your head.


Message History

You are exhausted.
You feel yourself slow down. Something hits you but does no damage.
You bump into the rock wall.
The orc priest begins to cast a cantrip, but forgets the words!
The orc hits you with a trident. The orc hits you but does no damage.
You are poisoned.
Something hits you. The orc priest hits you with a trident.
* * * LOW HITPOINT WARNING * * *
The orc closely misses you.
The orc hits you with a short sword of venom.
* * * LOW HITPOINT WARNING * * *
You are lethally poisoned!
Your chain mail prevents you from hitting the orc priest.
Your headbutt misses the orc priest. You miss something.
You barely miss the orc. x2
* * * LOW HITPOINT WARNING * * *
You feel sick. Something hits you but does no damage.
The orc priest invokes the aid of Beogh against you.
Beogh smites you!
You die...

. # ... .#
....######.####
......o@..(....
......oo[#.####
#...####Z#
.........#+#####
##.###.........#
#.........+
#.........#
#.........#
#.........#


You could see an orc priest, 2 orcs and an adder zombie.

Vanquished Creatures
  An orc priest (D:5)
  An adder (D:2)
  An ooze (D:1)
  A worm (D:2)
  A dart slug (D:1)
  2 leopard geckos
  An orc (D:3)
  9 bats
  2 giant cockroaches
  A goblin (D:1)
  8 hobgoblins
  A ball python (D:1)
  3 frilled lizards
  10 kobolds
  5 rats
47 creatures vanquished.

Notes
Turn   | Place    | Note
-------+----------+-------------------------------------------
     0 | D:1      | zhorgal the Minotaur Berserker began the quest for the Orb.
     0 | D:1      | Reached XP level 1. HP: 19/19 MP: 0/0
    22 | D:1      | Reached skill level 4 in Axes
   101 | D:1      | Reached XP level 2. HP: 19/26 MP: 1/1
   490 | D:1      | Reached skill level 5 in Axes
   683 | D:1      | Reached XP level 3. HP: 31/31 MP: 2/2
   839 | D:2      | Reached ** piety under Trog
   851 | D:2      | Found a white marble altar of Elyvilon.
  1615 | D:3      | You fall through a shaft for 2 floors!
  1615 | D:5      | Entered Level 5 of the Dungeon
  1624 | D:5      | Reached skill level 6 in Axes
  1624 | D:5      | Reached XP level 4. HP: 27/39 MP: 3/3
  1630 | D:5      | Killed from afar by an orc priest

Skill      XL: |  1  2  3 |
---------------+----------+-----
Axes           | 4 5 6 |  6.3
Fighting       | |  3.6
Armour         | |  2.4
Dodging        | |  2.1

Action                   |  1- 3 |  4- 6 || total
-------------------------+-------+-------++-------
Melee: Hand axe          |    81 |     1 ||    82
       Headbutt          |    10 |       ||    10
Invok: Berserk           |     1 |       ||     1
  Eat: Chunk             |     2 |       ||     2
Armor: Animal skin       |     2 |       ||     2
       Chain mail        |    43 |     5 ||    48
Dodge: Dodged            |    48 |     1 ||    49
